 Dungeon Crawl Stone Soup version 0.27-a0-1191-g601b473118 (webtiles) character file.

Game seed: 12469194211291748319

219 st0uf the Chopper (level 5, -2/46 HPs)
             Began as a Minotaur Fighter on May 23, 2021.
             Slain by an orc
             ... wielding a +0 dagger
              (3 damage)
             ... on level 4 of the Dungeon.
             The game lasted 00:04:38 (2951 turns).

st0uf the Chopper (Minotaur Fighter)                Turns: 2951, Time: 00:04:39

Health: -2/46      AC:  7    Str: 20    XL:     5   Next: 64%
Magic:  4/4        EV:  8    Int:  5    God:
Gold:   129        SH:  0    Dex: 11    Spells: 4/4 levels left

rFire    . . .     SeeInvis .   a - +0 war axe
rCold    . . .     Faith    .   c - +0 kite shield
rNeg     . . .     Spirit   .   b - +0 scale mail
rPois    .         Reflect  .   (helmet restricted)
rElec    .         Harm     .   (no cloak)
rCorr    .         Rampage  .   (no gloves)
Will     .....                  (no boots)
Stlth    ..........             (no amulet)
HPRegen  0.15/turn              (no ring)
MPRegen  0.09/turn              (no ring)

@: confused
A: horns 2, retaliatory headbutt
a: no special abilities


You were on level 4 of the Dungeon.
You visited 1 branch of the dungeon, and saw 4 of its levels.

You collected 129 gold pieces.

Inventory:

Hand Weapons
 a - a +0 war axe (weapon)
Armour
 b - a +0 scale mail (worn)
 c - a +0 kite shield (worn)
Scrolls
 f - a scroll of amnesia {unknown}
 g - 2 scrolls of enchant weapon {unknown}
 i - 2 scrolls of teleportation {unknown}
 m - a scroll of fog {unknown}
 n - a scroll of enchant armour {unknown}
 o - a scroll of blinking {unknown}
 q - 2 scrolls of identify {unknown}
Potions
 d - 2 potions of might
 e - 2 potions of curing {unknown}
 h - 2 potions of heal wounds {unknown}
 j - a potion of invisibility {unknown}
 k - 2 potions of cancellation {unknown}
 l - 2 potions of mutation {unknown}
 p - a potion of attraction {unknown}
 r - 2 potions of magic {unknown}


   Skills:
 + Level 4.2 Fighting
 * Level 5.1 Axes
 + Level 4.4 Armour
 + Level 1.0 Dodging
 + Level 4.9 Shields


You had 4 spell levels left.
You didn't know any spells.
Your spell library was empty.

Dungeon Overview and Level Annotations

Branches:
Dungeon (4/15)
 Temple: D:4-7

Altars:
Fedhas
Makhleb
Nemelex Xobeh
Ru
Sif Muna
Yredelemnul

Shops:
D:3 [

Annotations:
D:3 1 runed translucent door, Crazy Yiuf


Innate Abilities, Weirdness & Mutations

You have a pair of horns on your head.
You reflexively headbutt those who attack you in melee.


Message History

The orc wizard hits you with a +0 dagger.
You block the orc's attack.
You closely miss the orc wizard. Your headbutt misses the orc wizard.
You barely miss the orc.
The orc wizard gestures at you while chanting.
The puff of flame hits you! The orc barely misses you.
You block the orc wizard's attack.
You barely miss the orc wizard. Your headbutt misses the orc wizard.
You hit the orc but do no damage. You block the orc's attack.
The orc wizard hits you but does no damage.
The orc hits you but does no damage.
You barely miss the orc wizard. You hit the orc but do no damage.
The orc wizard points at you and mumbles some strange words.
You resist with some effort. You block the orc's attack.
You block the orc wizard's attack.
You hit the orc wizard.
The orc wizard is moderately wounded.
You barely miss the orc. You block the orc's attack.
The orc wizard hits you but does no damage.
The orc hits you but does no damage.
You slash the orc wizard!
The orc wizard is almost dead.
You hit the orc. The orc wizard casts a spell at you.
The puff of flame hits you! The orc hits you but does no damage.
The orc wizard points at you and mumbles some strange words.
You are confused.
You barely miss the orc wizard.
The orc wizard is almost dead.
You hit the orc but do no damage. The orc hits you with a +0 dagger.
* * * LOW HITPOINT WARNING * * *
The orc wizard hits you with a +0 dagger.
* * * LOW HITPOINT WARNING * * *
The orc closely misses you.
You're too confused to move!
The orc wizard points at you and mumbles some strange words.
The puff of flame hits you!
* * * LOW HITPOINT WARNING * * *
The orc hits you with a +0 dagger.
You die...

#...<...[..# #
###..†.......# #.
#.............#
#.....##..........#
...# #..........# ..#>.
####[.##########
#.....######.##.......#
#..#.))o# #.##.......#
.......o@###..#.......#
###.#.................#
# ##.......(#.......#
###...[#.........#
####.#.#.......#
#.#.#.......#
..#.#.......#
#########...#
##...#...##.##


You could see an orc wizard and an orc.

Vanquished Creatures
  An orc priest (D:4)
  An orc wizard (D:3)
  3 gnolls (D:3)
  5 adders
  3 worms
  A dart slug (D:1)
  2 orcs (D:3)
  6 ball pythons
  6 bats
  3 endoplasms
  14 giant cockroaches (D:2)
  2 goblins
  A hobgoblin (D:4)
  11 jackals
  3 quokkas (D:2)
  2 frilled lizards
  6 kobolds
  4 rats
74 creatures vanquished.

Vanquished Creatures (others)
  A fungus (D:3)
  7 toadstools (D:1)
8 creatures vanquished.

Grand Total: 82 creatures vanquished

Notes
Turn   | Place    | Note
-------+----------+-------------------------------------------
     0 | D:1      | st0uf the Minotaur Fighter began the quest for the Orb.
     0 | D:1      | Reached XP level 1. HP: 19/19 MP: 0/0
   149 | D:1      | Found a faded altar of an unknown god.
   343 | D:1      | Reached XP level 2. HP: 25/27 MP: 1/1
  1011 | D:2      | Reached XP level 3. HP: 18/33 MP: 2/2
  1176 | D:2      | Reached skill level 3 in Axes
  1314 | D:2      | Found a sacrificial altar of Ru.
  1624 | D:2      | Reached XP level 4. HP: 40/40 MP: 3/3
  1833 | D:3      | Found a basalt altar of Yredelemnul.
  1996 | D:3      | Found a blossoming altar of Fedhas.
  2028 | D:3      | Reached skill level 1 in Dodging
  2052 | D:3      | Found a shimmering blue altar of Sif Muna.
  2178 | D:3      | Found a sparkling altar of Nemelex Xobeh.
  2196 | D:3      | Reached skill level 4 in Axes
  2368 | D:3      | Found Ehiatir's Armour Emporium.
  2408 | D:3      | Reached XP level 5. HP: 25/46 MP: 4/4
  2771 | D:3      | Found a runed translucent door.
  2772 | D:3      | Noticed Crazy Yiuf
  2905 | D:4      | Found a burning altar of Makhleb.
  2943 | D:4      | Reached skill level 5 in Axes
  2951 | D:4      | HP: 1/46 [orc wizard/puff of flame (11)]
  2951 | D:4      | Slain by an orc

Illustrated notes

Levels and vault maps discovered:
D:1:      nagdon_arrival_double_spiral, layout_loops_ring,
          ebering_ecumenical_altar_webs, roderic_three_in_a_row
D:2:      minmay_roachtagon, layout_loops_cross, basic_altar
D:3:      layout_rooms, yredelemnul_altar_generic, lemuel_crystal_altar,
          general_overflow_altar, old_standard_altar, serial_shops, shop_statue,
          grunt_ministairs_4, minmay_misc_feat_enclosed, roderic_roman_lattice,
          uniq_crazy_yiuf_cottage
D:4:      layout_rooms, marbit_many_paths, overflow_temple_1_default,
          lightli_minifort, uniq_duvessa

Skill      XL: |  1  2  3  4  5 |
---------------+----------------+-----
Shields        | 4 |  4.9
Axes           | 3 4 5 |  5.1
Armour         | 4 |  4.4
Fighting       | 4 |  4.2
Dodging        | 1 |  1.0

Action                   |  1- 3 |  4- 6 || total
-------------------------+-------+-------++-------
Melee: War axe           |    68 |    77 ||   145
       Headbutt          |     7 |    12 ||    19
Armor: Scale mail        |    34 |    41 ||    75
Dodge: Dodged            |    31 |    46 ||    77
Block: Kite shield       |    46 |    51 ||    97

Table legend: (Time is in decaauts)
 A = Elapsed time spent in this place.
 B = Non-inter-level travel time spent in this place.
 C = Inter-level travel time spent in this place.
 D = Time resting spent in this place.
 E = Time spent auto-exploring this place.
 F = Levels seen in this place.
 G = Mean time per level.
                   A        B        C        D        E       F      G
               +--------+--------+--------+--------+--------+-----+--------+
         Total |   3027 |   2931 |     96 |    182 |   2299 |   4 |  756.8 |
       Dungeon |   3027 |   2931 |     96 |    182 |   2299 |   4 |  756.8 |
               +--------+--------+--------+--------+--------+-----+--------+

Top non-repeatable levels by time:
     D:3: 1029 daAuts
     D:2: 1025 daAuts
     D:1: 844 daAuts
     D:4: 127 daAuts
